 Dungeon Crawl Stone Soup version 0.30-a0-12-gd8047c6341 (webtiles) character file.

Game seed: 16617469158360889943

29 Newt the Ducker (level 3, -3/27 HPs)
             Began as a Demonspawn Gladiator on Aug 23, 2022.
             Killed by nerve-wracking pain
             ... invoked by a shadow imp
             ... summoned by Natasha
              (5 damage)
             ... on level 2 of the Dungeon.
             The game lasted 00:01:24 (1024 turns).

Newt the Ducker (Demonspawn Gladiator)              Turns: 1024, Time: 00:01:25

Health: -3/27      AC:  4    Str: 14    XL:     3   Next: 1%
Magic:  3/3        EV: 12    Int: 11    God:
Gold:   62         SH:  0    Dex: 14    Spells: 2/2 levels left

rFire   . . .      SeeInvis .    a - +0 rapier
rCold   . . .      Faith    .    (no shield)
rNeg    . . .      Spirit   .    b - +0 leather armour
rPois   .          Reflect  .    c - +0 helmet
rElec   .          Harm     .    (no cloak)
rCorr   .          Rampage  .    (no gloves)
Will    .....                    (no boots)
Stlth   ++........               (no amulet)
HPRegen 0.09/turn                (no ring)
MPRegen 0.08/turn                (no ring)

@: brilliant, slowed, very slow
A: hooves 1, demonic magic 1
a: no special abilities


You were on level 2 of the Dungeon.
You visited 1 branch of the dungeon, and saw 2 of its levels.

You collected 62 gold pieces.

Inventory:

Hand Weapons
 a - a +0 rapier (weapon)
Missiles
 d - 2 throwing nets (quivered)
 e - a javelin
 i - 2 curare-tipped darts
Armour
 b - a +0 leather armour (worn)
 c - a +0 helmet (worn)
Wands
 j - a wand of iceblast (14)
Scrolls
 g - a scroll of noise
Potions
 k - a potion of ambrosia {unknown}


   Skills:
 - Level 2.0 Fighting
 - Level 2.6 Short Blades
 - Level 1.7 Throwing
 - Level 2.6 Dodging
 - Level 2.0 Stealth
 + Level 1.4 Ice Magic


You had 2 spell levels left.
You didn't know any spells.
Your spell library contained the following spells:

 Spells                   Type           Power      Damage    Failure   Level
 Freeze                   Ice            16%        1d4       26%         1
 Frozen Ramparts          Ice            8%         1d2       58%         3
 Hailstorm                Conj/Ice       2%         3d3       98%         4
 Borgnjor's Revivificati  Necr           0%         N/A       100%        8
 Necromutation            Tmut/Necr      0%         N/A       100%        8
 Death's Door             Necr           0%         N/A       100%        9


Dungeon Overview and Level Annotations

Branches:
Dungeon (2/15)

Altars:

Annotations:
D:2 Natasha


Innate Abilities, Weirdness & Mutations

You have large cloven feet.
Spells you cast may paralyse adjacent enemies.


Message History

Unknown command.
You closely miss Natasha.
Natasha casts a spell.
Natasha misses you.
You barely miss Natasha. You kick Natasha.
Natasha is lightly wounded.
Natasha stares at you and mumbles some strange words.
The magic dart hits you. The shadow imp hits you.
Natasha casts a spell.
You hit Natasha but do no damage. Your kick misses Natasha.
Natasha is lightly wounded.
The shadow imp closely misses you. Natasha closely misses you.
The white imp gestures at you. The puff of frost hits you!
The shadow imp barely misses you.
Unknown command.
Throw: 3 throwing nets
Press: ? - help, Shift-Dir - straight line, f - Natasha
Aim: Natasha (lightly wounded, 51% to hit)
You throw a throwing net. The throwing net hits Natasha.
Natasha is caught in the net!
Natasha is lightly wounded.
Natasha struggles against the net.
The white imp grinds its teeth.
The white imp closely misses you.
The shadow imp hits you but does no damage.
Natasha struggles against the net.
You hit Natasha. You kick Natasha, but do no damage.
Natasha is moderately wounded.
The white imp hits you. The white imp freezes you.
* * * LOW HITPOINT WARNING * * *
The shadow imp hits you but does no damage.
Natasha struggles against the net.
The white imp misses you.
Natasha struggles against the net.
The shadow imp hits you.
* * * LOW HITPOINT WARNING * * *
It was a potion of brilliance.
You feel clever all of a sudden.
Natasha struggles against the net.
The white imp barely misses you. The shadow imp gestures at you.
Pain shoots through your body!
You die...

,*
*,,*,******,,,,,,,,,,,******,
,* *,,,,,,,,,..***,*****,* *,
,* *,**,*****#.* *,* *,* *,
,****,**,* #.* *,* *,* *,
,,,,,,**,* #.* *,* *,* *,
,,,,,,,,,* #.###,* *,* *,
,****,**** #...,,* #.# *, ,*
*,* #.h#*** #.# *, ,* *,*
#5@# #.# *, ,* *,* #5.# #.#
*, ,* *,* #..# #.# *, ,* *,*
#..########.# *, ,* *,*
#.....[.....## *, ** *,*
##...........# *. *,*
###########.# ###. *,*
##.###.., *,* *#...##.#*


You could see Natasha (caught), a white imp (summoned) and a shadow imp
(summoned).

Vanquished Creatures
  A worm (D:2)
  2 ball pythons
  3 endoplasms (D:1)
  A giant cockroach (D:1)
  A goblin (D:1)
  5 hobgoblins (D:1)
  3 quokkas (D:1)
  2 bats (D:1)
  4 kobolds
  2 rats (D:1)
24 creatures vanquished.

Notes
Turn   | Place    | Note
-------+----------+-------------------------------------------
     0 | D:1      | Newt the Demonspawn Gladiator began the quest for the Orb.
     0 | D:1      | Reached XP level 1. HP: 16/16 MP: 1/1
   147 | D:1      | Reached skill level 1 in Stealth
   253 | D:1      | Gained mutation: Spells you cast may paralyse adjacent
                  | enemies. [demonic ancestry]
   253 | D:1      | Reached XP level 2. HP: 17/22 MP: 2/2
   565 | D:1      | Reached skill level 1 in Ice Magic
   808 | D:1      | Found a faded altar of an unknown god.
   956 | D:2      | Gained mutation: You have large cloven feet. [demonic
                  | ancestry]
   956 | D:2      | Reached XP level 3. HP: 24/27 MP: 3/3
  1015 | D:2      | Noticed Natasha
  1024 | D:2      | Killed from afar by a shadow imp

Illustrated notes

Levels and vault maps discovered:
D:1:      psy_arrival_statuary, layout_basic,
          hellmonk_ecumenical_altar_heavens_door, minivault_5
D:2:      kennysheep_big_flooded_room, layout_loops_ring,
          corexii_leaking_fountain, uniq_natasha

Skill      XL: |  1  2 |
---------------+-------+-----
Stealth        | 1 2 |  2.0
Ice Magic      | 1 |  1.4
Fighting       | |  2.0
Short Blades   | |  2.6
Throwing       | |  1.7
Dodging        | |  2.6

Action                   || total
-------------------------++-------
Melee: Rapier            ||    64
       Kick              ||     2
Throw: Javelin           ||     1
       Throwing net      ||     1
  Use: Scroll            ||     3
       Potion            ||     1
 Stab: Sleeping          ||     2
Armor: Leather armour    ||    23
Dodge: Dodged            ||    44

Table legend: (Time is in decaauts)
 A = Elapsed time spent in this place.
 B = Non-inter-level travel time spent in this place.
 C = Inter-level travel time spent in this place.
 D = Time resting spent in this place.
 E = Time spent auto-exploring this place.
 F = Levels seen in this place.
 G = Mean time per level.
                   A        B        C        D        E       F      G
               +--------+--------+--------+--------+--------+-----+--------+
         Total |   1032 |    988 |     44 |      0 |    813 |   2 |  516.0 |
       Dungeon |   1032 |    988 |     44 |      0 |    813 |   2 |  516.0 |
               +--------+--------+--------+--------+--------+-----+--------+

Top non-repeatable levels by time:
     D:1: 933 daAuts
     D:2: 98 daAuts
